Map: Ruins of Seras

Players

JoMisfit

  • Race: Zerg Zerg
  • League: Gold

Grumm - Winner!

  • Race: Protoss Protoss
  • League: Gold

VOD

Have the link to the VOD?

Description

Time

  • Played on: Jan. 22, 2016, 4:30 p.m.
  • Length: 7:58
Show
View Real Time Build Order
Export as new Build Order

JoMisfit Zerg 

Build Orders: Hatch First 

Get SALT Encoding   

  12  0:00  Drone  
  13  0:13  Overlord  
  13  0:18  Drone  
  14  0:31  Drone x2  
  14  0:35  Drone  
  17  0:56  Drone, Hatchery  
  17  1:00  Drone  
  18  1:04  Extractor  
  18  1:07  Drone  
  18  1:26  Spawning Pool  
  18  1:28  Drone  
  18  1:30  Drone  
  19  1:48  Drone  
  19  1:53  Overlord  
  20  2:12  Queen  
  20  2:13  Queen  
  20  2:14  Zergling x2  
  20  2:15  Zergling x2  
  26  2:22  Drone  
  27  2:23  Extractor  
  27  2:24  Drone  
  27  2:26  Drone  
  28  2:30  Drone  
  28  2:36  Spore Crawler  
  28  2:50  Drone x3  
  31  2:57  Drone x2  
  33  3:02  Overlord  
  33  3:06  Drone  
  35  3:12  Drone  
  35  3:30  Drone x7  
  42  3:37  Drone, Evolution Chamber  
  42  3:38  Overlord  
  42  3:39  Evolution Chamber  
  41  3:43  Drone x2  
  41  3:47  Extractor  
  42  3:53  Drone  
  42  3:54  Drone  
  44  3:57  Lair  
  44  4:01  Drone, Overlord  
  44  4:02  Overlord  
  45  4:11  Zerg Ground Armor Level 1  
  45  4:12  Zerg Missile Weapons Level 1  
  45  4:16  Overlord  
  45  4:22  Drone  
  45  4:23  Drone  
  47  4:25  Drone  
  48  4:39  Roach Warren  
  48  4:44  Extractor  
  46  4:46  Drone  
  46  4:49  Drone x3  
  50  5:05  Hydralisk Den  
  49  5:18  Glial Reconstitution  
  51  5:21  Roach x3  
  51  5:22  Roach x7  
  69  5:29  Overlord  
  69  5:30  Overlord, Roach  
  71  5:38  Hydralisk  
  71  5:39  Hydralisk, Muscular Augments  
  75  5:45  Overlord  
  75  5:48  Hydralisk x2, Roach  
  81  5:50  Hydralisk  
  81  5:51  Hydralisk  
  81  5:53  Overseer  
  85  5:58  Overlord  
  85  6:05  Hydralisk x2  
  85  6:06  Roach  
  85  6:07  Roach  
  85  6:10  Hydralisk  
  95  6:13  Drone  
  95  6:16  Overlord  
  96  6:19  Hydralisk  
  98  6:25  Ravager  
  98  6:26  Ravager x2  
  98  6:29  Ravager x2  
  103  6:50  Roach x2  
  103  6:51  Roach x4  
  103  6:52  Overlord x2  
Show
View Real Time Build Order
Export as new Build Order

Grumm Protoss - Winner!

Build Orders: 1 Gate Expand 

Get SALT Encoding   

  12  0:01  Probe (Chrono Boost)  
  13  0:11  Probe (Chrono Boost)  
  14  0:23  Pylon  
  14  0:26  Probe (Chrono Boost)  
  15  0:41  Probe (Chrono Boost)  
  15  0:42  Gateway  
  16  0:51  Assimilator  
  16  0:52  Probe (Chrono Boost)  
  17  1:20  Nexus  
  17  1:23  Probe (Chrono Boost)  
  18  1:36  Cybernetics Core  
  18  1:41  Probe (Chrono Boost)  
  19  1:52  Probe (Chrono Boost)  
  20  1:56  Pylon  
  20  2:02  Probe (Chrono Boost)  
  20  2:06  Assimilator  
  21  2:10  Warp Gate  
  21  2:15  Mothership Core (Chrono Boost)  
  23  2:26  Forge  
  23  2:35  Probe x2 (Chrono Boost)  
  25  2:46  Probe (Chrono Boost)  
  26  2:51  Robotics Facility  
  26  2:53  Probe (Chrono Boost)  
  26  2:56  Probe (Chrono Boost)  
  28  3:03  Probe (Chrono Boost)  
  29  3:07  Probe (Chrono Boost)  
  30  3:13  Stalker  
  30  3:14  Probe (Chrono Boost)  
  30  3:18  Probe (Chrono Boost)  
  34  3:25  Probe (Chrono Boost)  
  34  3:28  Probe (Chrono Boost)  
  34  3:30  Assimilator  
  35  3:36  Assimilator, Probe (Chrono Boost)  
  35  3:39  Probe (Chrono Boost)  
  37  3:46  Probe (Chrono Boost), Immortal (Chrono Boost)  
  42  3:51  Probe  
  43  3:58  Probe (Chrono Boost)  
  44  4:05  Probe (Chrono Boost)  
  45  4:12  Protoss Ground Weapons Level 1  
  45  4:19  Probe (Chrono Boost)  
  45  4:21  Pylon  
  46  4:24  Pylon  
  46  4:34  Pylon  
  46  4:37  Immortal  
  46  4:40  Probe (Chrono Boost)  
  46  4:41  Probe (Chrono Boost)  
  46  4:43  Zealot  
  55  4:53  Probe (Chrono Boost)  
  55  4:54  Stargate  
  55  4:57  Stargate  
  55  5:04  Robotics Bay  
  55  5:09  Photon Cannon  
  55  5:11  Probe (Chrono Boost)  
  55  5:12  Probe (Chrono Boost)  
  57  5:18  Immortal  
  57  5:21  Probe (Chrono Boost)  
  57  5:24  Probe (Chrono Boost)  
  57  5:27  Stalker  
  65  5:36  Pylon  
  65  5:39  Gateway  
  65  5:46  Void Ray  
  69  5:52  Pylon  
  69  6:01  Zealot  
  71  6:06  Gateway  
  71  6:07  Gateway  
  71  6:10  Twilight Council  
  71  6:12  Pylon  
  71  6:18  Void Ray  
  71  6:23  Disruptor  
  78  6:37  Photon Cannon  
  78  6:40  Photon Cannon  
  78  6:46  Pylon  
  77  6:51  Void Ray  
  81  6:59  Zealot x2  
  85  7:15  Void Ray  
  95  7:24  Pylon  
Tags
 
Add a new tag
Caveats
  • Supply blocks, unpowered buildings, or Contaminate may cause inaccurate times.
  • Supply counts are checked every 10 seconds.